 Dungeon Crawl Stone Soup version 0.29-a0-8-g0446c0dae4 (webtiles) character file.

Game seed: 4091614382692143240

32 croobank the Firebug (level 3, -1/26 HPs)
             Began as a Draconian Fire Elementalist on Jan 27, 2022.
             Slain by Terence (8 damage)
             ... on level 3 of the Dungeon.
             The game lasted 00:05:36 (1541 turns).

croobank the Firebug (Draconian Fire Elementalist)  Turns: 1541, Time: 00:05:37

Health: -1/26      AC:  5    Str: 10    XL:     3   Next: 10%
Magic:  5/6        EV: 12    Int: 17    God:
Gold:   53         SH:  0    Dex: 11    Spells: 3/6 levels left

rFire   . . .      SeeInvis .   c - +1 hand axe
rCold   . . .      Faith    .   (no shield)
rNeg    . . .      Spirit   .   (armour unavailable)
rPois   +          Reflect  .   (helmet restricted)
rElec   .          Harm     .   (no cloak)
rCorr   .          Rampage  .   (no gloves)
Will    .....                   (no boots)
Stlth   ++........              (no amulet)
HPRegen 0.08/turn               (no ring)
MPRegen 0.10/turn               (no ring)

@: brilliant
A: AC +5, unfitting armour, cold-blooded, poison resistance
a: no special abilities


You were on level 3 of the Dungeon.
You visited 1 branch of the dungeon, and saw 3 of its levels.

You collected 53 gold pieces.

Inventory:

Hand Weapons
 c - a +1 hand axe (weapon)
 d - a +0 short sword


   Skills:
 + Level 2.1 Dodging
 + Level 2.2 Stealth
 + Level 2.3 Spellcasting
 + Level 1.6 Conjurations
 + Level 3.3 Fire Magic


You had 3 spell levels left.
You knew the following spells:

 Your Spells              Type           Power      Damage    Failure   Level
a - Foxfire               Conj/Fire      60%        2x1d7     7%          1
b - Scorch                Fire           38%        2d7       8%          2

Your spell library contained the following spells:

 Spells                   Type           Power      Damage    Failure   Level
 Pain                     Necr           8%         1d4       19%         1
 Conjure Flame            Conj/Fire      15%        6-21      21%         3
 Inner Flame              Hex/Fire       11%        N/A       28%         3
 Flame Wave               Conj/Fire      15%        2d6       56%         4
 Agony                    Necr           2%         N/A       99%         5
 Excruciating Wounds      Necr           1%         N/A       99%         5
 Summon Forest            Summ/Tloc      1%         N/A       99%         5
 Eringya's Noxious Bog    Tmut/Pois      1%         N/A       100%        6
 Summon Hydra             Summ           1%         N/A       100%        7


Dungeon Overview and Level Annotations

Branches:
Dungeon (3/15)

Altars:

Annotations:
D:3 Grinder, Terence


Innate Abilities, Weirdness & Mutations

Your plain brown scales are hard. (AC +5)
You cannot fit into any form of body armour.
You are cold-blooded and may be slowed by cold attacks.
Your system is resistant to poisons. (rPois)


Message History

Terence hits you with a +0 flail. x2
There is a stone staircase leading up here.
Casting: Foxfire (safe; 7% risk of failure)
Confirm with . or Enter, or press ? or * to list all spells.
Flames lash Terence but do no damage.
Terence misses you.
Casting: Scorch (safe; 8% risk of failure)
Confirm with . or Enter, or press ? or * to list all spells.
Flames lash Terence but do no damage.
Terence hits you with a +0 flail.
Casting: Scorch (safe; 8% risk of failure)
Confirm with . or Enter, or press ? or * to list all spells.
Flames lash Terence but do no damage.
Terence misses you.
Press: ? - help, v - describe, . - travel
Here: Terence, wielding a +0 flail and wearing a +0 chain mail The floor.
Terence hits you with a +0 flail.
Things that are here:
a hobgoblin skeleton; an adder skeleton
Found a pink potion.
Terence says, "Did you write a will?
You should..."
You see here a pink potion.
It was a potion of brilliance.
You feel clever all of a sudden. Terence closely misses you.
Casting: Scorch (safe; 8% risk of failure)
Confirm with . or Enter, or press ? or * to list all spells.
Okay, then.
Found a stone staircase leading down.
There is a stone staircase leading down here.
It was a potion of mutation.
You feel extremely strange.
You feel resistant to poisons. Terence closely misses you.
Terence hits you with a +0 flail.
* * * LOW HITPOINT WARNING * * *
Found a scroll labelled COONUE CAYRAA and a spear.
Terence shouts, "Get ready for death!"
A jackal comes into view.
The jackal bites you.
* * * LOW HITPOINT WARNING * * *
Terence hits you with a +0 flail!
You die...

.. ..# .# #.# ###########.# #.#
............###.#
........##......#
...?...@##.####.###
......h.@.........######
........................
.####.##.####.#.#....... ....##.#
....#...................
.......##.#...)..................
..........##.##.............#####
..........##.#########.#....#
.............# #..........#####


You could see Terence and a jackal.

Vanquished Creatures
  An adder (D:3)
  A dart slug (D:2)
  4 endoplasms
  A giant cockroach (D:2)
  2 goblins
  A hobgoblin (D:3)
  A quokka (D:2)
  A ball python (D:2)
  5 bats
  A kobold (D:2)
  2 rats (D:1)
20 creatures vanquished.

Vanquished Creatures (others)
  49 foxfires
49 creatures vanquished.

Grand Total: 69 creatures vanquished

Notes
Turn   | Place    | Note
-------+----------+-------------------------------------------
     0 | D:1      | croobank the Draconian Fire Elementalist began the quest
                  | for the Orb.
     0 | D:1      | Reached XP level 1. HP: 14/14 MP: 3/3
   213 | D:1      | Found a faded altar of an unknown god.
   442 | D:1      | Reached XP level 2. HP: 20/20 MP: 3/5
   445 | D:1      | Learned a level 2 spell: Scorch
  1146 | D:3      | Reached XP level 3. HP: 26/26 MP: 3/6
  1162 | D:3      | Noticed Terence
  1189 | D:3      | Noticed Grinder
  1521 | D:3      | Gained mutation: Your system is resistant to poisons.
                  | (rPois) [potion of mutation]
  1541 | D:3      | Slain by Terence

Illustrated notes

Levels and vault maps discovered:
D:1:      ncdulo_smallfort, layout_basic, ebering_ecumenical_altar_abandoned,
          corexii_corridor_pit
D:2:      layout_rooms
D:3:      layout_basic, ebering_ghost_gozag, uniq_grinder, uniq_terence

Skill      XL: |  1  2 |
---------------+-------+-----
Stealth        | 2 |  2.2
Dodging        | 2 |  2.1
Spellcasting   | |  2.3
Conjurations   | |  1.6
Fire Magic     | |  3.3

Action                   || total
-------------------------++-------
Melee: Unarmed           ||     3
       Hand axe          ||    12
       Tailslap          ||     2
 Cast: Foxfire           ||    28
       Scorch            ||     6
  Use: Scroll            ||     5
       Potion            ||     2
Armor: Skin              ||     7
Dodge: Dodged            ||    17

Table legend: (Time is in decaauts)
 A = Elapsed time spent in this place.
 B = Non-inter-level travel time spent in this place.
 C = Inter-level travel time spent in this place.
 D = Time resting spent in this place.
 E = Time spent auto-exploring this place.
 F = Levels seen in this place.
 G = Mean time per level.
                   A        B        C        D        E       F      G
               +--------+--------+--------+--------+--------+-----+--------+
         Total |   1544 |   1491 |     53 |      0 |   1210 |   3 |  514.7 |
       Dungeon |   1544 |   1491 |     53 |      0 |   1210 |   3 |  514.7 |
               +--------+--------+--------+--------+--------+-----+--------+

Top non-repeatable levels by time:
     D:2: 772 daAuts
     D:1: 655 daAuts
     D:3: 115 daAuts
